 Dungeon Crawl Stone Soup version 0.28-a0-535-g6f645e4c1d (webtiles) character file.

Game seed: 5070020822127959152

44 omnomnOMINOUS the Digger (level 3, 0/23 HPs)
             Began as an Octopode Wanderer on Sept 26, 2021.
             Succumbed to an adder's poison
             ... on level 2 of the Dungeon.
             The game lasted 00:02:52 (1401 turns).

omnomnOMINOUS the Digger (Octopode Wanderer)        Turns: 1401, Time: 00:02:53

Health: 0/23       AC:  1    Str: 10    XL:     3   Next: 62%
Magic:  6/6        EV: 13    Int: 16    God:
Gold:   53         SH:  0    Dex: 11    Spells: 2/6 levels left

rFire   . . .      SeeInvis .   a - +1 dagger (drain)
rCold   + . .      Faith    .   (no shield)
rNeg    . . .      Spirit   .   (helmet restricted)
rPois   .          Reflect  .   (no amulet)
rElec   .          Harm     .   (no ring)
rCorr   .          Rampage  .   (no ring)
Will    .....                   (no ring)
Stlth   ++........              (no ring)
HPRegen 0.07/turn               (no ring)
MPRegen 0.10/turn               (no ring)
                                (no ring)
                                (no ring)

@: lethally poisoned (0 -> -4), attractive, hasted, very quick
A: almost no armour, amphibious, 8 rings, camouflage 1, gelatinous body 1,
(nimble swimmer 1), tentacles, tentacle spike 1, cold resistance 1, sense
surroundings 1
a: no special abilities


You were on level 2 of the Dungeon.
You visited 1 branch of the dungeon, and saw 2 of its levels.

You collected 53 gold pieces.

Inventory:

Hand Weapons
 a - a +1 dagger of draining (weapon)
 b - a +0 war axe
Missiles
 f - 5 stones
Wands
 c - a wand of charming (15)
Scrolls
 d - 3 scrolls of identify {unknown}
 g - a scroll of holy word {unknown}
 h - 2 scrolls of magic mapping {unknown}
 i - a scroll of enchant armour {unknown}
 k - 2 scrolls of noise {unknown}


   Skills:
 + Level 1.6 Fighting
 + Level 1.5 Dodging
 - Level 1.0 Shields
 - Level 2.0 Spellcasting
 - Level 1.0 Summonings
 - Level 1.0 Ice Magic
 - Level 2.0 Air Magic
 + Level 2.7 Earth Magic
 - Level 1.1 Evocations


You had 2 spell levels left.
You knew the following spells:

 Your Spells              Type           Power      Damage    Failure   Level
a - Sandblast             Erth           20%        2d7       7%          1
b - Stone Arrow           Conj/Erth      12%        3d7       34%         3

Your spell library contained the following spells:

 Spells                   Type           Power      Damage    Failure   Level
 Passwall                 Tmut/Erth      5%         N/A       19%         2
 Swiftness                Air            8%         N/A       26%         3
 Invisibility             Hex            0%         N/A       100%        6


Dungeon Overview and Level Annotations

Branches:
Dungeon (2/15)

Altars:


Innate Abilities, Weirdness & Mutations

You cannot wear most types of armour.
You are amphibious.
You can wear up to eight rings at the same time.
Your skin changes colour to match your surroundings (Stealth+).
Your rubbery body absorbs attacks. (AC +1, EV +1)
((You are camouflaged near water. (Stealth+)))
You have tentacles for arms and can constrict up to eight enemies at once.
One of your tentacles bears a spike.
Your flesh is cold resistant. (rC+)
You passively map a small area around you.


Message History

Found a glowing hand axe.
The adder hisses angrily.
The adder bites you.
You are poisoned.
The adder poisons you!
You miss the adder. You grab the adder. You constrict the adder.
You feel sick. The adder bites you.
You hit the adder but do no damage.
The adder is lightly wounded.
You constrict the adder.
You feel sick. The adder bites you.
You are more poisoned.
The adder poisons you! The adder bites you.
You are too injured to fight recklessly!
You hit the adder.
The adder is heavily wounded.
You constrict the adder.
You feel sick. The adder bites you.
You are lethally poisoned!
The adder poisons you!
You hit the adder. Your squeeze misses the adder.
The adder is almost dead.
You constrict the adder.
You kill the adder!
* * * LOW HITPOINT WARNING * * *
You feel sick.
It was a potion of mutation.
You feel extremely strange.
You feel resistant to cold.
You feel a strange attunement to the structure of the dungeons.
One of your lower tentacles grows a sharp spike.
* * * LOW HITPOINT WARNING * * *
You feel sick.
It was a potion of attraction.
You feel attractive to monsters.
* * * LOW HITPOINT WARNING * * *
You feel sick.
It was a potion of haste.
You feel yourself speed up.
* * * LOW HITPOINT WARNING * * *
You feel sick.
Okay, then.
Unknown command.
You die...

## #...#..........#
#...#..........#
#...############
#######...#########
#..................
#.######.......###
#.# *#.##..#.# *,
####.#
#..##.#..####.#
.....#
#....†.@......#
######
#.....##....... *
........# ......#
###...... ....).. *
#.....#*.##.#..
####..# .# ..#.
#... .. ... #.. ..
#. *


There were no monsters in sight!

Vanquished Creatures
  2 adders (D:2)
  A dart slug (D:1)
  2 ball pythons
  4 endoplasms
  4 giant cockroaches (D:1)
  A goblin (D:1)
  A hobgoblin (D:1)
  A quokka (D:1)
  A frilled lizard (D:2)
  2 kobolds (D:1)
  4 rats (D:1)
23 creatures vanquished.

Notes
Turn   | Place    | Note
-------+----------+-------------------------------------------
     0 | D:1      | omnomnOMINOUS the Octopode Wanderer began the quest for the
                  | Orb.
     0 | D:1      | omnomnOMINOUS set off with the following items: a +0
                  | dagger, a potion of curing, a wand of charming (15); and
                  | the following spell memorised: Sandblast; and the following
                  | spells available to memorise: Stone Arrow
     0 | D:1      | Reached XP level 1. HP: 11/11 MP: 3/3
   361 | D:1      | Reached XP level 2. HP: 7/15 MP: 5/5
   673 | D:1      | Reached skill level 1 in Fighting
   673 | D:1      | Reached skill level 1 in Dodging
  1069 | D:2      | Reached XP level 3. HP: 22/22 MP: 6/6
  1073 | D:2      | Learned a level 3 spell: Stone Arrow
  1397 | D:2      | Gained mutation: Your flesh is cold resistant. (rC+)
                  | [potion of mutation]
  1397 | D:2      | Gained mutation: You passively map a small area around you.
                  | [potion of mutation]
  1397 | D:2      | Gained mutation: One of your tentacles bears a spike.
                  | [potion of mutation]
  1399 | D:2      | HP: 1/23 [poisoned by an adder]
  1401 | D:2      | Succumbed to an adder's poison

Illustrated notes

Levels and vault maps discovered:
D:1:      tarquinn_simple_flora_water_f, layout_rooms
D:2:      layout_basic, hangedman_abyss_or_decor_lesser_grid

Skill      XL: |  1  2 |
---------------+-------+-----
Fighting       | 1 |  1.6
Dodging        | 1 |  1.5
Shields        | |  1.0
Spellcasting   | |  2.0
Summonings     | |  1.0
Ice Magic      | |  1.0
Air Magic      | |  2.0
Earth Magic    | |  2.7
Evocations     | |  1.1

Action                   || total
-------------------------++-------
Melee: Dagger            ||    56
       Constrict         ||    15
       Tentacles         ||     9
  Use: Potion            ||     4
 Stab: Sleeping          ||     3
Armor: Skin              ||     1
Dodge: Dodged            ||    31

Table legend: (Time is in decaauts)
 A = Elapsed time spent in this place.
 B = Non-inter-level travel time spent in this place.
 C = Inter-level travel time spent in this place.
 D = Time resting spent in this place.
 E = Time spent auto-exploring this place.
 F = Levels seen in this place.
 G = Mean time per level.
                   A        B        C        D        E       F      G
               +--------+--------+--------+--------+--------+-----+--------+
         Total |   1398 |   1383 |     15 |    364 |    795 |   2 |  699.0 |
       Dungeon |   1398 |   1383 |     15 |    364 |    795 |   2 |  699.0 |
               +--------+--------+--------+--------+--------+-----+--------+

Top non-repeatable levels by time:
     D:1: 753 daAuts
     D:2: 645 daAuts
